 Dungeon Crawl Stone Soup version 0.30.1-11-g7821555f0a (webtiles) character file.

Game seed: 6855474208854347625

19525 cdecastro the Martial Artist (level 12, -14/122 HPs)
             Began as a Red Draconian Transmuter on Jan 9, 2024.
             Was a Plaything of Xom.
             Demolished by a death knight
             ... wielding a +1 great sword
              (21 damage)
             ... on level 12 of the Dungeon.
             The game lasted 00:32:01 (12877 turns).

cdecastro the Martial Artist (DrTm)                Turns: 12877, Time: 00:32:02

Health: -14/122    AC:  7    Str: 10    XL:     12   Next: 37%
Magic:  12/15      EV: 17    Int: 18    God:    Xom [....*.]
Gold:   691        SH:  0    Dex: 13    Spells: 6/15 levels left

rFire   x .          .
                       - Unarmed
rCold   + + +        (shield currently unavailable)
rNeg    . . .        (body armour unavailable)
rPois   +            (helmet currently unavailable)
rElec   .            Q - melded +0 cloak
rCorr   .            C - melded +0 pair of gloves
SInv    .            w - melded +0 pair of boots
Will    .....        T - amulet of the acrobat
Stlth   +            v - ring of wizardry
HPRegen 0.40/turn    u - +5 ring of evasion
MPRegen 0.14/turn

%: acrobat, wizardry (x1)
@: ice-form
A: freezing attack, amphibious, boosted hp, (breathe fire), AC +8, large,
unfitting armour, (fire resistance 1), (cold-blooded), weak 1, (cold
vulnerability 1)
a: End Transformation, Renounce Religion


You were on level 12 of the Dungeon.
You worshipped Xom.
You were a beloved toy of Xom.
You were a creature of crystalline ice.
You visited 2 branches of the dungeon, and saw 14 of its levels.

You collected 979 gold pieces.
You spent 288 gold pieces at shops.

Inventory:

Missiles
 b - 76 stones
 c - 13 boomerangs
 s - 30 poisoned darts
 F - 4 atropa-tipped darts
 H - a curare-tipped dart
 U - 3 boomerangs of dispersal
Armour
 w - a +0 pair of boots (melded)
 C - a +0 pair of gloves (melded)
 Q - a +0 cloak (melded)
Magical Staves
 B - a staff of poison
 L - a staff of air
Jewellery
 m - a ring of protection from cold
 p - an amulet of magic regeneration
 u - a +5 ring of evasion (right front paw)
 v - a ring of wizardry (left front paw)
 D - an amulet of regeneration
 I - a ring of positive energy
 T - an amulet of the acrobat (around neck)
 W - an amulet of guardian spirit
 X - a ring of magical power
Wands
 A - a wand of paralysis (6)
 J - a wand of polymorph (10)
 N - a wand of iceblast (19)
 Y - a wand of flame (10)
Scrolls
 d - 2 scrolls of fog {unknown}
 i - 2 scrolls of amnesia
 j - 2 scrolls of magic mapping {unknown}
 k - a scroll of immolation {unknown}
 l - 2 scrolls of silence {unknown}
 n - a scroll of brand weapon {unknown}
 o - 2 scrolls of enchant armour {unknown}
 r - a scroll of fear {unknown}
 y - 2 scrolls of teleportation {unknown}
 E - a scroll of torment {unknown}
 G - a scroll of enchant weapon {unknown}
 M - a scroll of acquirement {unknown}
 R - 2 scrolls of noise {unknown}
 S - a scroll of summoning {unknown}
Potions
 a - 4 potions of lignification
 e - 2 potions of attraction
 f - 6 potions of curing
 g - a potion of mutation {unknown}
 h - 6 potions of heal wounds
 q - a potion of cancellation {unknown}
 t - 3 potions of magic
 x - a potion of might
 z - a potion of brilliance
 K - 3 potions of haste
 O - a potion of berserk rage
 P - 2 potions of flight
 V - 4 potions of ambrosia


   Skills:
 - Level 8.2 Fighting
 - Level 7.0 Dodging
 + Level 14.4 Unarmed Combat
 - Level 2.0 Spellcasting
 - Level 10.3 Transmutations
 * Level 6.9 Evocations


You had 6 spell levels left.
You knew the following spells:

 Your Spells              Type           Power      Damage    Failure   Level
b - Wereblood             Tmut           38%        N/A       1%          2
c - Spider Form           Tmut/Pois      20%        N/A       2%          3
d - Ice Form              Ice/Tmut       20%        N/A       9%          4

Your spell library contained the following spells:

 Spells                   Type           Power      Damage    Failure   Level
 Beastly Appendage        Tmut           76%        N/A       1%          1
 Sting                    Tmut/Pois      80%        1d7       1%          1
 Ignite Poison            Fire/Tmut/Pois 14%        N/A       5%          3
 Magic Dart               Conj           4%         1d3       8%          1
 Blink                    Tloc           2%         N/A       11%         2
 Call Imp                 Summ           2%         N/A       11%         2
 Cigotuvi's Dreadful Rot  Necr/Pois/Air  2%         N/A       11%         2
 Lesser Beckoning         Tloc           2%         N/A       11%         2
 Momentum Strike          Conj/Tloc      2%         3d8       11%         2
 Poisonous Vapours        Pois/Air       2%         N/A       11%         2
 Dazzling Flash           Conj/Hex       2%         N/A       21%         3
 Gell's Gravitas          Tloc           1%         N/A       21%         3
 Mephitic Cloud           Conj/Pois/Air  1%         N/A       21%         3
 Teleport Other           Tloc           1%         N/A       21%         3
 Olgreb's Toxic Radiance  Pois           1%         N/A       54%         4
 Agony                    Necr           1%         N/A       86%         5
 Freezing Cloud           Conj/Ice/Air   0%         6-21      86%         5
 Silence                  Hex/Air        0%         N/A       86%         5
 Dispersal                Tloc           0%         N/A       100%        6


Dungeon Overview and Level Annotations

Branches:
Dungeon (13/15)            Temple (1/1) D:4            Lair (0/5) D:11
    Orc (0/2) D:12
 Vaults: D:13-14

Altars:
Ashenzari
Cheibriados
Dithmenos
Elyvilon
Fedhas
Gozag
Hepliaklqana
Kikubaaqudgha
Makhleb
Nemelex Xobeh
Okawaru
Qazlal
Ru
Sif Muna
Trog
Uskayaw
Vehumet
Wu Jian
Xom
Yredelemnul
Zin
The Shining One

Shops:
D:7 *   D:11 !

Annotations:
D:3 1 runed translucent door, Crazy Yiuf
D:9 2 transporters, vault need dig, PrincessEmiBear's ghost, novice DrEE


Innate Abilities, Weirdness & Mutations

You are a creature of crystalline ice.
You have a powerful freezing melee attack.
You are amphibious.
Your maximum health is increased.
Your armour is entirely melded.
You are incapable of wielding weapons or throwing items.
((You can breathe blasts of fire.))
((Your fiery red scales are hard. (AC +8)))
You cannot fit into any form of body armour.
((Your flesh is heat resistant. (rF+)))
((You are cold-blooded and may be slowed by cold attacks.))
You are weak. (Str -2)
((You are vulnerable to cold. (rC-)))


Message History

You closely miss the tengu warrior.
The tengu warrior is severely wounded.
The tengu warrior barely misses you. x2; The tengu warrior misses you.
The death knight hits you with a +1 great sword!
* * * LOW HITPOINT WARNING * * *
Unknown command.
You punch the tengu warrior! You freeze the tengu warrior.
The tengu warrior is almost dead.
The tengu warrior barely misses you.
The tengu warrior pecks you but does no damage.
The tengu warrior claws you but does no damage.
The death knight misses you.
Unknown command.
You hit the tengu warrior but do no damage.
The tengu warrior is almost dead.
The tengu warrior closely misses you. x3
Unknown command.
You closely miss the tengu warrior.
The tengu warrior is almost dead.
The death knight offers itself to Yredelemnul, and fills with unholy energy.
Unknown command.
You closely miss the tengu warrior.
The tengu warrior is almost dead.
The tengu warrior hits you with a +0 dire flail!
* * * LOW HITPOINT WARNING * * *
The tengu warrior pecks you but does no damage.
The tengu warrior claws you.
* * * LOW HITPOINT WARNING * * *
The death knight hits you with a +1 great sword!!
* * * LOW HITPOINT WARNING * * *
You completely miss the tengu warrior.
The tengu warrior is almost dead.
The tengu warrior hits you with a +0 dire flail!
* * * LOW HITPOINT WARNING * * *
The tengu warrior pecks you.
* * * LOW HITPOINT WARNING * * *
The tengu warrior claws you but does no damage.
The death knight hits you with a +1 great sword!!
You die...
Xom howls with laughter!

..........# #.# ######..#.#
.......#..# ###.# #......#..#
..........#####...####.######.##
................###....# #.#
............#######.#### #.#
.##...#..##.#####...# ##.#
##...##....b.b....### #..#
......##.._....####### #.##
.##.#.##....p#.QYpb..## #.#
#...#)##..#..#######..# #.#
#.###.#...#...# ##.######^##
..........#...#######.........#
..#....##....>..^..######.....#
##..#...##.........# #.....#
...................######..>..#
#.....)...............#.......#
...###.####<..................#


You could see a death knight (reflects damage) and a tengu warrior.

Vanquished Creatures
  Kirke (D:11)
  2 two-headed ogres
  A boulder beetle (D:11)
  A centaur warrior (D:10)
  A tengu warrior (D:13)
  Amaemon (D:9)
  A harpy (D:13)
  A deep elf pyromancer (D:12)
  A cyclops (D:11)
  A manticore (D:12)
  Joseph (D:9)
  A gargoyle (D:13)
  An orange demon (D:9)
  An unseen horror (D:11)
  2 kobold demonologists (D:10)
  3 trolls
  A polar bear (shapeshifter) (D:12)
  Sigmund (D:6)
  A shadow (D:10)
  2 vampires
  5 wyverns
  2 wraiths
  13 yaks (D:11)
  A steam dragon (D:6)
  3 vampire mosquitoes (D:11)
  7 water moccasins
  4 sky beasts
  3 ice beasts
  3 orc warriors
  An ogre (D:5)
  A black bear (D:6)
  A centaur (D:6)
  2 phantoms
  Blork the orc (D:6)
  4 kobold brigands
  2 gnoll sergeants
  5 scorpions
  8 bullfrogs
  14 wights
  11 killer bees
  2 electric eels (D:6)
  4 howler monkeys
  4 jellies
  5 hounds
  2 orc priests (D:12)
  A gnoll bouda (D:9)
  5 iguanas
  11 orc wizards
  18 gnolls
  7 adders
  An ufetubus (D:6)
  3 worms
  2 dart slugs (D:4)
  39 orcs
  9 ball pythons
  2 bats (D:1)
  6 endoplasms
  3 giant cockroaches
  5 goblins
  4 hobgoblins
  11 jackals
  20 kobolds
  2 quokkas (D:4)
  2 frilled lizards (D:1)
  4 rats (D:1)
288 creatures vanquished.

Vanquished Creatures (collateral kills)
  The ghost of babelphish the Reanimator, a novice HuNe of Vehumet (D:7)
  An ogre (D:7)
2 creatures vanquished.

Vanquished Creatures (others)
  A human (D:11)
  An orc (D:12)
2 creatures vanquished.

Grand Total: 292 creatures vanquished

Notes
Turn   | Place    | Note
-------+----------+-------------------------------------------
     0 | D:1      | cdecastro the Draconian Transmuter began the quest for the
                  | Orb.
     0 | D:1      | Reached XP level 1. HP: 16/16 MP: 3/3
   223 | D:1      | Reached XP level 2. HP: 23/23 MP: 3/5
   751 | D:1      | Reached XP level 3. HP: 28/28 MP: 4/6
  1588 | D:3      | Found a faded altar of an unknown god.
  1723 | D:3      | Prayed at the altar of an unknown god.
  1723 | D:3      | Became a worshipper of Xom of Chaos
  1860 | D:2      | Reached XP level 4. HP: 19/35 MP: 7/7
  1924 | D:3      | XOM: silly message
  2254 | D:3      | XOM: noise
  2286 | D:3      | XOM: cloud trail
  2571 | D:3      | XOM: silly message
  2787 | D:3      | Found a runed translucent door.
  2792 | D:3      | Learned a level 2 spell: Wereblood
  2793 | D:3      | Noticed Crazy Yiuf
  2933 | D:4      | Noticed a scorpion
  2944 | D:4      | Killed a scorpion
  2945 | D:4      | Reached skill level 4 in Unarmed Combat
  2945 | D:4      | Reached XP level 5. HP: 40/40 MP: 6/8
  2982 | D:4      | Learned a level 3 spell: Spider Form
  3127 | D:4      | Found a staircase to the Ecumenical Temple.
  3163 | D:4      | Reached skill level 5 in Transmutations
  3505 | D:4      | Reached XP level 6. HP: 47/47 MP: 6/9
  3522 | D:4      | XOM: divination: magic mapping
  3625 | D:4      | XOM: silly message
  3786 | D:4      | XOM: divination: detect creatures
  3884 | Temple   | Entered the Ecumenical Temple
  3908 | D:5      | Entered Level 5 of the Dungeon
  4011 | D:5      | Reached skill level 5 in Unarmed Combat
  4065 | D:5      | XOM: potion effect (experience)
  4065 | D:5      | Reached skill level 11 in Unarmed Combat
  4065 | D:5      | Your scales start taking on a fiery red colour.
  4065 | D:5      | Reached XP level 7. HP: 52/52 MP: 10/10
  4065 | D:5      | Gained mutation: Your flesh is heat resistant. (rF+) [Red
                  | Draconian growth]
  4112 | D:5      | XOM: give mutations
  4112 | D:5      | Gained mutation: Your flesh is cold resistant. (rC+) [Xom's
                  | mischief]
  4112 | D:5      | Gained mutation: Potions are less effective at restoring
                  | your health. [Xom's mischief]
  4112 | D:5      | Gained mutation: You are weak. (Str -2) [Xom's mischief]
  4115 | D:5      | Reached XP level 8. HP: 43/59 MP: 9/11
  4122 | D:5      | XOM: 7-stop teleportation journey
  4622 | D:5      | Learned a level 4 spell: Ice Form
  4713 | D:6      | Reached skill level 10 in Transmutations
  4811 | D:6      | XOM is BORED!
  4811 | D:6      | XOM: summons 3 hostile shadow creatures
  5040 | D:6      | Noticed Sigmund
  5044 | D:6      | Killed Sigmund
  5045 | D:6      | Reached XP level 9. HP: 64/64 MP: 12/12
  5139 | D:6      | XOM: enchant monster (bad)
  5502 | D:6      | Noticed Blork the orc
  5511 | D:6      | Killed Blork the orc
  5828 | D:6      | XOM: summons 1 hostile shadow creature
  6099 | D:7      | Found an opulent altar of Gozag.
  6107 | D:7      | Found Gozag's Platinum Reserve.
  6344 | D:7      | XOM: summons friendly ufetubus
  6353 | D:7      | Found a runed translucent door.
  6529 | D:7      | Found an ornate altar of the Wu Jian Council.
  6535 | D:7      | Found a shimmering blue altar of Sif Muna.
  6571 | D:7      | Noticed babelphish's ghost (novice HuNe)
  6727 | D:7      | Reached skill level 12 in Unarmed Combat
  6754 | D:7      | Reached skill level 5 in Fighting
  6771 | D:7      | XOM: divination: magic mapping
  6908 | D:7      | Noticed a troll
  6908 | D:7      | Noticed a two-headed ogre
  6915 | D:7      | Killed a troll
  6916 | D:7      | Reached XP level 10. HP: 74/83 MP: 13/13
  6921 | D:7      | Killed a two-headed ogre
  7019 | D:7      | XOM: god gift: wand of polymorph (5)
  7281 | D:7      | Killed babelphish's ghost
  7366 | D:8      | XOM: silly message
  7398 | D:8      | XOM: noise
  8269 | D:9      | XOM: noise
  8269 | D:9      | Noticed an orange demon
  8271 | D:9      | Noticed Amaemon
  8273 | D:9      | Noticed Joseph
  8300 | D:8      | XOM: silly message
  8432 | D:8      | XOM: summons 3 friendly demons
  8622 | D:9      | XOM: polymorph killer bee -> worm
  8628 | D:9      | XOM: cleaving
  8636 | D:9      | Killed Joseph
  8810 | D:9      | Reached XP level 11. HP: 94/94 MP: 14/14
  8950 | D:9      | XOM is BORED!
  8950 | D:9      | XOM: draining
  9079 | D:9      | Found a bloodstained altar of Trog.
  9184 | D:9      | XOM: swap monsters
  9194 | D:9      | XOM: give mutations
  9194 | D:9      | Lost mutation: Your flesh is cold resistant. (rC+) [Xom's
                  | mischief]
  9194 | D:9      | Gained mutation: You are vulnerable to cold. (rC-) [Xom's
                  | mischief]
  9194 | D:9      | Gained mutation: You are frail. (-10% HP) [Xom's mischief]
  9194 | D:9      | Lost mutation: You are frail. (-10% HP) [Xom's mischief]
  9194 | D:9      | Lost mutation: Potions are less effective at restoring your
                  | health. [Xom's mischief]
  9329 | D:9      | Reached skill level 13 in Unarmed Combat
  9573 | D:9      | XOM: silly message
  9582 | D:9      | Killed Amaemon
  9590 | D:9      | XOM: confusion (+ monsters)
  9869 | D:9      | XOM: silly message
  9937 | D:9      | Found a transporter.
  9954 | D:9      | Found a transporter.
  9957 | D:9      | Noticed PrincessEmiBear's ghost (novice DrEE)
  9978 | D:9      | Noticed a seven-headed hydra
 10080 | D:10     | Entered Level 10 of the Dungeon
 10251 | D:10     | Noticed a centaur warrior
 10264 | D:10     | XOM: smoke on damage
 10269 | D:10     | Killed a centaur warrior
 10270 | D:10     | Reached skill level 5 in Dodging
 10990 | D:11     | Noticed a two-headed ogre
 10991 | D:11     | XOM: swap monsters
 10998 | D:11     | Killed a two-headed ogre
 11099 | D:11     | XOM: noise
 11101 | D:11     | XOM: scenery: create altars
 11107 | D:11     | XOM: divination: detect creatures
 11133 | D:11     | Reached skill level 1 in Evocations
 11214 | D:11     | Found Diuclom's Distillery.
 11224 | D:11     | Bought a potion of might for 48 gold pieces
 11224 | D:11     | Bought a potion of haste for 120 gold pieces
 11224 | D:11     | Bought a potion of haste for 120 gold pieces
 11233 | D:11     | Found a staircase to the Lair.
 11238 | D:11     | XOM: divination: detect creatures
 11345 | D:11     | XOM: draining
 11358 | D:11     | XOM: potion effect (magic)
 11455 | D:11     | XOM is BORED!
 11455 | D:11     | XOM: silly message
 11475 | D:11     | XOM: potion effect (haste)
 11722 | D:12     | Reached XP level 12. HP: 102/102 MP: 10/15
 11801 | D:12     | Found a staircase to the Orcish Mines.
 11821 | D:12     | Noticed a boulder beetle
 11830 | D:12     | XOM: confusion (+ monsters)
 11833 | D:12     | Noticed Kirke
 11848 | D:11     | Killed a boulder beetle
 11849 | D:11     | Reached skill level 14 in Unarmed Combat
 11940 | D:11     | Reached skill level 5 in Evocations
 12044 | D:11     | XOM: blink monster(s)
 12047 | D:11     | Noticed a sphinx
 12049 | D:11     | Killed Kirke
 12162 | D:12     | XOM: 1-stop teleportation journey
 12235 | D:12     | XOM: 1-stop teleportation journey
 12572 | D:12     | XOM: scenery: create altars
 12686 | D:13     | XOM: polymorph something unseen -> harpy
 12723 | D:13     | Noticed a tengu warrior
 12737 | D:13     | Killed a tengu warrior
 12738 | D:13     | Noticed a tengu warrior
 12741 | D:13     | XOM: cloud trail
 12865 | D:13     | Noticed a death knight
 12871 | D:12     | XOM: scenery: summon butterflies
 12877 | D:12     | Demolished by a death knight

Illustrated notes

Levels and vault maps discovered:
D:1:      scummos_arrival_gate, layout_loops_ring, grunt_decor_resistance
D:2:      layout_rooms
D:3:      layout_basic, nicolae_ecumenical_snake_handling,
          kennysheep_generic_room_10, uniq_crazy_yiuf_cottage
D:4:      layout_basic, minmay_temple_entry_stoned_glass
D:5:      layout_basic
D:6:      layout_loops_ring, minmay_hedge_maze, minivault_14,
          minmay_misc_feat_nine_boxes, grunt_ministairs_10, uniq_blork_the_orc,
          uniq_sigmund
D:7:      kennysheep_windowed_halls, layout_rooms, led_sif_pool,
          nicolae_gozag_zags_fifth_avenue, general_overflow_altar,
          ebering_ghost_reflecting_pool, hangedman_decor_riveting
D:8:      nicolae_hitomezashi [nicolae_hito_row, nicolae_hito_row,
          nicolae_hito_row, nicolae_hito_row, nicolae_hito_row,
          nicolae_hito_row, nicolae_hito_row, nicolae_hito_row,
          nicolae_hito_row, nicolae_hito_row, nicolae_hito_row,
          nicolae_hito_row, nicolae_hito_row, nicolae_hito_row,
          nicolae_hito_row, nicolae_hito_row, nicolae_hito_row,
          nicolae_hito_row], layout_loops_cross
D:9:      layout_basic, mainiacjoe_overflow_alcove_4, serial_glass,
          glass_columns_a, glass_columns_a, glass_columns_b, glass_columns_c,
          glass_columns_a, glass_columns_a, glass_columns_a, glass_columns_a,
          due_unseen_surprise, item_on_display_a,
          gammafunk_ghost_berserking_beasts, grunt_tough_drop, uniq_amaemon,
          uniq_joseph
D:10:     layout_basic, hangedman_decor_lopped, minmay_gold_behind_fungi
D:11:     layout_rooms, minmay_lair_entry_grove, serial_shops,
          nicolae_shop_industrial_runoff, chequers_serial_rivers_room_a
D:12:     layout_rooms, hiddenorc1_lemuel, uniq_kirke
D:13:     layout_rooms, david_vaults_1, minmay_orc_keep, uniq_sonja
Temple:   nicolae_temple_no_exploring_needed

Skill      XL: |  1  2  3  4  5  6  7  8  9 10 11 12 |
---------------+-------------------------------------+-----
Transmutations | 3 4 5 9 10 | 10.3
Unarmed Combat | 4 11 12 13 14 | 14.4
Fighting       | 6 8 |  8.2
Dodging        | 3 7 |  7.0
Evocations     | 4 6 |  6.9
Spellcasting   | |  2.0

Action                     |  1- 3 |  4- 6 |  7- 9 | 10-12 || total
---------------------------+-------+-------+-------+-------++-------
  Melee: Unarmed           |   108 |    91 |   217 |   382 ||   798
         Kick              |    22 |    11 |       |       ||    33
         Headbutt          |    14 |     2 |       |       ||    16
         Tailslap          |     8 |     6 |     1 |     3 ||    18
         Punch             |     2 |     2 |       |       ||     4
   Cast: Beastly Appendage |    36 |    10 |       |       ||    46
         Spider Form       |       |     7 |     9 |     1 ||    17
         Wereblood         |       |     3 |     1 |     5 ||     9
         Ice Form          |       |       |    23 |    40 ||    63
  Evoke: Wand              |       |       |       |     4 ||     4
    Use: Potion            |       |     1 |       |       ||     1
         Scroll            |       |       |       |    11 ||    11
   Stab: Sleeping          |     1 |     2 |       |     1 ||     4
         Distracted        |       |       |     1 |       ||     1
 Armour: Skin              |    26 |    16 |    31 |    73 ||   146
  Dodge: Dodged            |    70 |    62 |   139 |   314 ||   585
